 Dungeon Crawl Stone Soup version 0.28-a0-664-gc179e30c89 (webtiles) character file.

Game seed: 4413056557460341790

71 KristoblXynda the Cutter (level 4, -36/28 HPs)
             Began as a Kobold Gladiator on Oct 16, 2021.
             Killed from afar by Ijyb (38 damage)
             ... with a bolt of acid
             ... on level 3 of the Dungeon.
             The game lasted 00:02:17 (2175 turns).

KristoblXynda the Cutter (Kobold Gladiator)         Turns: 2175, Time: 00:02:17

Health: -36/28     AC:  4    Str: 12    XL:     4   Next: 47%
Magic:  4/4        EV: 15    Int:  9    God:
Gold:   103        SH:  0    Dex: 16    Spells: 3/3 levels left

rFire   . . .      SeeInvis .   h - +0 dagger (venom)
rCold   . . .      Faith    .   (shield restricted)
rNeg    . . .      Spirit   .   b - +0 leather armour
rPois   .          Reflect  .   c - +0 helmet
rElec   .          Harm     .   (no cloak)
rCorr   .          Rampage  .   (no gloves)
Will    .....                   (no boots)
Stlth   +++.......              (no amulet)
HPRegen 0.09/turn               (no ring)
MPRegen 0.09/turn               (no ring)

@: no status effects
A: small, no large weapons, nightstalker 3
a: no special abilities


You were on level 3 of the Dungeon.
You visited 1 branch of the dungeon, and saw 3 of its levels.

You collected 103 gold pieces.

Inventory:

Hand Weapons
 a - a +0 rapier
 h - a +0 dagger of venom (weapon)
Missiles
 d - 3 throwing nets (quivered)
Armour
 b - a +0 leather armour (worn)
 c - a +0 helmet (worn)
 l - a +0 ring mail
Jewellery
 g - a ring of willpower
Scrolls
 f - a scroll of magic mapping {unknown}
 i - a scroll of teleportation {unknown}
 m - a scroll of identify {unknown}
 n - a scroll of summoning {unknown}
Potions
 e - a potion of attraction {unknown}
 j - a potion of curing {unknown}
 k - a potion of ambrosia {unknown}


   Skills:
 + Level 3.0 Fighting
 + Level 4.7 Short Blades
 - Level 2.1 Throwing
 + Level 0.0 Armour
 + Level 4.3 Dodging
 + Level 2.5 Stealth


You had 3 spell levels left.
You didn't know any spells.
Your spell library was empty.

Dungeon Overview and Level Annotations

Branches:
Dungeon (3/15)

Altars:

Annotations:
D:3 Ijyb


Innate Abilities, Weirdness & Mutations

You are small and have problems with some larger weapons.
You are completely attuned to the shadows.


Message History

Found a long sword.
Found a stone staircase leading down.
There is a stone staircase leading down here.
A ball python comes into view.
The helpless ball python fails to defend itself.
You impale the ball python!!
You kill the ball python!
No target in view!
No target in view!
No target in view!
No target in view!
No target in view!
No target in view!
No target in view!
A quokka and Ijyb come into view.
Ijyb is wielding a +0 club and carrying a wand of acid (6).
There are monsters nearby!
There are monsters nearby!
A hobgoblin comes into view.
The hobgoblin shouts!
You start waiting.
The quokka closely misses you.
You hit the quokka.
The quokka is almost dead.
The quokka closely misses you.
You hit the quokka.
You kill the quokka!
You hit the hobgoblin.
The hobgoblin is severely wounded.
You hit the hobgoblin.
You kill the hobgoblin!
Things that are here:
a hobgoblin corpse; a quokka corpse
Things that are here:
a hobgoblin corpse; a quokka corpse Ijyb zaps a wand.
The bolt of acid hits you!!
Ouch! That really hurt!
* * * LOW HITPOINT WARNING * * *
Ijyb zaps a wand.
The bolt of acid hits you!!!
Ouch! That really hurt!
You die...

............# #.#
.#.####.###.###.#
...# #.........#
...# #####.###.#
#### #.# #.## #.#
#..# ####.####†#
..........#
≈≈≈≈≈≈≈≈.@#
§.....g≈..#
§§§≈≈§.≈..#
§§§.§≈§...#
§§≈..#


You could see Ijyb.

Vanquished Creatures
  2 adders (D:2)
  A worm (D:2)
  2 dart slugs (D:2)
  8 endoplasms
  3 giant cockroaches (D:1)
  4 goblins
  3 hobgoblins
  2 jackals (D:1)
  3 quokkas
  2 ball pythons
  2 bats (D:1)
  4 frilled lizards
  4 kobolds
  2 rats
42 creatures vanquished.

Notes
Turn   | Place    | Note
-------+----------+-------------------------------------------
     0 | D:1      | KristoblXynda the Kobold Gladiator began the quest for the
                  | Orb.
     0 | D:1      | Reached XP level 1. HP: 12/12 MP: 1/1
    77 | D:1      | Reached XP level 2. HP: 18/18 MP: 2/2
    92 | D:1      | Reached skill level 1 in Stealth
   378 | D:1      | Found a faded altar of an unknown god.
   458 | D:1      | Reached XP level 3. HP: 22/22 MP: 3/3
  1262 | D:2      | Reached XP level 4. HP: 23/27 MP: 4/4
  2159 | D:3      | Noticed Ijyb
  2175 | D:3      | Killed from afar by Ijyb

Illustrated notes

Levels and vault maps discovered:
D:1:      ebering_trefoil_3fold, layout_loops_cross,
          shapermc_ecumenical_altar_mp_ritualfount
D:2:      layout_basic, minmay_misc_feat_encased
D:3:      layout_loops_corners, mainiacjoe_overflow_concentric_impassable,
          zin_scriptorium, uniq_ijyb

Skill      XL: |  1  2  3  4 |
---------------+-------------+-----
Stealth        | 1 2 |  2.5
Dodging        | 4 |  4.3
Fighting       | 3 |  3.0
Short Blades   | |  4.7
Throwing       | |  2.1

Action                   |  1- 3 |  4- 6 || total
-------------------------+-------+-------++-------
Melee: Rapier            |    57 |       ||    57
       Dagger            |    21 |    33 ||    54
 Stab: Sleeping          |    13 |     2 ||    15
Armor: Leather armour    |    15 |     3 ||    18
Dodge: Dodged            |    56 |    13 ||    69

Table legend: (Time is in decaauts)
 A = Elapsed time spent in this place.
 B = Non-inter-level travel time spent in this place.
 C = Inter-level travel time spent in this place.
 D = Time resting spent in this place.
 E = Time spent auto-exploring this place.
 F = Levels seen in this place.
 G = Mean time per level.
                   A        B        C        D        E       F      G
               +--------+--------+--------+--------+--------+-----+--------+
         Total |   2161 |   2081 |     80 |    218 |   1595 |   3 |  720.3 |
       Dungeon |   2161 |   2081 |     80 |    218 |   1595 |   3 |  720.3 |
               +--------+--------+--------+--------+--------+-----+--------+

Top non-repeatable levels by time:
     D:2: 1333 daAuts
     D:1: 737 daAuts
     D:3: 90 daAuts
